cohdb
Replays
Latest Replays
All Replays
Popular Replays
Top Player Replays
Match Explorer
How It Works
Community
CoH3 Stats
Reddit
Sign in to upload your games and track your stats! →
Sign in with Steam
Match 45187308
Unlisted
Match 45187308
Overview
Messages
Build Orders
End
Scout Squad
Construct Barracks
Riflemen Squad
Riflemen Squad
Riflemen Squad
Grenade Package
Construct Medical Station
Infantry Support Center
Construct Motor Pool
M1 Anti-tank Gun Team
M8 Greyhound Armored Car
Engineer Squad
M1918 Browning Automatic Rifles
Engineer Squad
Selects Advanced Infantry Battlegroup
Selects Convert to Ranger Squad
Convert to Ranger Squad
Captain Retinue
Selects Artillery Observers
Selects Frontline Medical Station
Selects Ranger Weapon Training
Frontline Medical Station
Selects M2A1 105mm Howitzer Emplacement
Selects 155mm Rapid Artillery Barrage
Construct Tank Depot
M18 Hellcat Tank Destroyer
Skeng.Tecnica.International
Rather Splendid Cromwell
XRayCat
DroningGrievous
0
0
Comments
sign in to comment!
No comments posted yet!